Map: Beckett Industries LE

Players

jangens

  • Race: Terran Terran
  • League: Diamond

ViBE - Winner!

  • Race: Zerg Zerg
  • League: Diamond

VOD

Have the link to the VOD?

Description

Time

  • Played on: April 11, 2021, 1:20 a.m.
  • Length: 5:02
Show
View Real Time Build Order
Export as new Build Order

jangens Terran 

Build Orders: Reaper Expand 

Get SALT Encoding   

  12  0:00  SCV  
  13  0:14  SCV  
  13  0:17  Supply Depot  
  14  0:26  SCV  
  15  0:38  SCV  
  15  0:40  Barracks  
  16  0:45  Refinery  
  16  0:51  SCV  
  17  1:03  SCV  
  18  1:15  SCV  
  19  1:29  Reaper, Orbital Command  
  20  1:46  Command Center  
  20  1:54  Supply Depot  
  20  1:55  SCV  
  21  2:01  Barracks Reactor  
  21  2:09  SCV  
  22  2:19  Barracks  
  22  2:21  SCV  
  23  2:33  SCV  
  24  2:42  Refinery  
  24  2:43  Marine x2, Ghost Academy  
  26  2:45  SCV  
  27  2:57  SCV  
  27  2:58  Orbital Command  
  27  3:02  Marine x2  
  29  3:09  SCV  
  29  3:10  Barracks Tech Lab  
  30  3:17  Supply Depot  
  30  3:21  Factory  
  32  3:35  Marine x2  
  32  3:41  SCV x2, Supply Depot  
  36  3:53  Marine  
  36  3:54  Marine  
  36  3:58  SCV  
  35  4:04  Supply Depot  
  35  4:05  SCV  
  35  4:07  Factory Tech Lab  
  35  4:09  Starport  
  36  4:10  SCV, Marine x2  
  36  4:13  Marine  
  40  4:20  Factory Reactor  
  40  4:22  SCV x2  
  42  4:29  Supply Depot  
  42  4:34  SCV x2, Marine  
  42  4:35  Marine x2  
Show
View Real Time Build Order
Export as new Build Order

ViBE Zerg - Winner!

Build Orders: Hatch First 

Get SALT Encoding   

  12  0:00  Drone  
  13  0:12  Overlord  
  13  0:17  Drone  
  14  0:32  Drone x2  
  16  0:50  Hatchery  
  16  0:52  Drone  
  17  0:57  Drone  
  17  1:00  Drone  
  18  1:10  Extractor  
  17  1:14  Spawning Pool  
  17  1:17  Drone  
  17  1:20  Drone  
  18  1:29  Drone  
  19  1:40  Overlord  
  19  1:49  Drone  
  20  2:02  Queen x2  
  20  2:05  Zergling x2  
  20  2:06  Zergling x2  
  26  2:09  Metabolic Boost  
  26  2:20  Drone x2  
  28  2:27  Drone x2  
  30  2:33  Spore Crawler  
  30  2:35  Drone  
  30  2:36  Drone  
  31  2:43  Drone  
  33  2:47  Roach Warren  
  32  2:53  Spore Crawler  
  31  3:04  Hatchery  
  31  3:05  Queen  
  33  3:09  Overlord  
  33  3:15  Overlord  
  33  3:19  Overlord  
  33  3:26  Overlord  
  33  3:29  Roach  
  33  3:31  Roach  
  37  3:35  Roach  
  37  3:38  Roach  
  41  3:42  Roach  
  43  3:50  Roach x2  
  43  3:52  Roach  
  43  3:55  Zergling x2  
  50  4:01  Zergling x2  
  50  4:02  Zergling x4  
  53  4:11  Overlord  
  53  4:13  Zergling x6  
  56  4:19  Zergling x2  
  56  4:20  Zergling x4  
  59  4:25  Zergling x8  
  59  4:29  Zergling x2  
  59  4:31  Zergling x2  
  65  4:36  Zergling x2  
  65  4:37  Zergling x4  
Tags
 
Add a new tag
Caveats
  • Supply blocks, unpowered buildings, or Contaminate may cause inaccurate times.
  • Supply counts are checked every 10 seconds.